 Dungeon Crawl Stone Soup version 0.29-a0-512-gf59ac788ac (webtiles) character file.

Game seed: 11844017168955200358

137 quokkamancerX the Skirmisher (level 5, -4/44 HPs)
             Began as a Demonspawn Berserker on May 29, 2022.
             Was a Believer of Trog.
             Killed by divine providence
             ... invoked by an orc priest
              (11 damage)
             ... on level 3 of the Dungeon.
             The game lasted 00:09:09 (3285 turns).

quokkamancerX the Skirmisher (Demonspawn Berserker) Turns: 3285, Time: 00:09:09

Health: -4/44      AC:  9    Str: 19    XL:     5   Next: 0%
Magic:  5/5        EV: 11    Int:  9    God:    Trog [**....]
Gold:   175        SH:  0    Dex: 12    Spells: 4/4 levels left

rFire   . . .      SeeInvis .   r - +0 flail
rCold   . . .      Faith    .   (no shield)
rNeg    . . .      Spirit   .   f - +0 ring mail
rPois   .          Reflect  .   (no helmet)
rElec   .          Harm     .   m - +2 cloak
rCorr   .          Rampage  .   (no gloves)
Will    .....                   (no boots)
Stlth   +.........              (no amulet)
HPRegen 0.14/turn               (no ring)
MPRegen 0.09/turn               (no ring)

@: about to teleport
A: hooves 1, rugged brown scales 1
a: Renounce Religion, Berserk, Trog's Hand


You were on level 3 of the Dungeon.
You worshipped Trog.
Trog was pleased with you.
You visited 1 branch of the dungeon, and saw 4 of its levels.

You collected 175 gold pieces.

Inventory:

Hand Weapons
 r - a +0 flail (weapon)
Missiles
 g - a poisoned dart (quivered)
Armour
 f - a +0 ring mail (worn)
 m - a +2 cloak (worn)
Scrolls
 c - a scroll of teleportation
 i - a scroll of identify
 j - a scroll of brand weapon
 k - a scroll of enchant weapon {unknown}
 n - a scroll of vulnerability {unknown}
Potions
 a - a potion of invisibility {unknown}
 b - 2 potions of flight
 d - a potion of degeneration {unknown}
 e - 2 potions of cancellation
 h - a potion of haste {unknown}
 o - a potion of lignification {unknown}
 p - 2 potions of mutation {unknown}
 q - a potion of brilliance {unknown}


   Skills:
 + Level 4.5 Fighting
 - Level 3.3 Long Blades
 + Level 2.1 Maces & Flails
 - Level 1.7 Armour
 - Level 1.7 Dodging


You had 4 spell levels left.
You didn't know any spells.
Your spell library was empty.

Dungeon Overview and Level Annotations

Branches:
Dungeon (4/15)
 Temple: D:4-7

Altars:
Cheibriados
Trog

Shops:
D:2 [=(


Innate Abilities, Weirdness & Mutations

You have large cloven feet.
You are partially covered in rugged brown scales. (AC +1, +3% HP)


Message History

The orc priest is lightly wounded.
You closely miss the orc. You kick the orc.
The orc is severely wounded.
The orc priest hits you but does no damage.
An orc priest comes into view. It is wielding a +0 short sword.
The orc barely misses you. The orc priest barely misses you.
The orc hits you but does no damage.
The orc priest shouts!
You hit the orc priest but do no damage.
Your kick misses the orc priest.
The orc priest is lightly wounded.
The orc priest calls upon Beogh to heal the orc.
The orc's wounds heal themselves!
The orc priest hits you with a +0 mace of protection.
The orc barely misses you.
You barely miss the orc priest.
You kick the orc priest, but do no damage.
The orc priest is lightly wounded.
The orc priest casts a cantrip, but nothing happens.
The orc closely misses you.
You closely miss the orc priest.
The orc priest is lightly wounded.
The orc priest hits you with a +0 mace of protection.
The orc hits you but does no damage.
The orc priest invokes the aid of Beogh against you.
Beogh smites you! The orc hits you but does no damage.
You hit the orc priest. Your kick misses the orc priest.
The orc priest is heavily wounded.
The orc priest hits you with a +0 mace of protection.
The orc hits you with a +0 war axe.
You barely miss the orc priest.
The orc priest is heavily wounded.
A hobgoblin comes into view.
The orc priest closely misses you. The orc hits you with a +0 war axe!
* * * LOW HITPOINT WARNING * * *
As you read the scroll of teleportation, it crumbles to dust.
You feel strangely unstable.
The orc priest invokes the aid of Beogh against you.
Beogh smites you!
You die... ####.# #....# # #.#### #. ####.###### #. #...#...... #.. #.##.###### #..### #.##)###### #gooo#

#........##
#@#
#..#.###>##
#.#
#..#..##.##
#.#
#..##.##.##
#)#
#..##.##.##
# #.#
#..##.##.##
. #)#
#.....##.##
# ### #.#
#..........
..≈≈##.##
##.......##
P≈PP≈.P..##
#.#######


You could see 2 orc priests, an orc and a hobgoblin.

Vanquished Creatures
  5 adders
  A worm (D:3)
  3 dart slugs
  8 orcs (D:3)
  4 ball pythons
  6 bats
  3 endoplasms
  3 giant cockroaches
  10 hobgoblins
  4 jackals
  A quokka (D:1)
  5 frilled lizards
  5 goblins
  7 kobolds
  5 rats
70 creatures vanquished.

Vanquished Creatures (others)
  22 plants (D:3)
22 creatures vanquished.

Grand Total: 92 creatures vanquished

Notes
Turn   | Place    | Note
-------+----------+-------------------------------------------
     0 | D:1      | quokkamancerX the Demonspawn Berserker began the quest for
                  | the Orb.
     0 | D:1      | Reached XP level 1. HP: 18/18 MP: 1/1
    18 | D:1      | Found a faded altar of an unknown god.
   219 | D:1      | Gained mutation: You have large cloven feet. [demonic
                  | ancestry]
   219 | D:1      | Reached XP level 2. HP: 23/24 MP: 2/2
   893 | D:1      | Gained mutation: You are partially covered in rugged brown
                  | scales. (AC +1, +3% HP) [demonic ancestry]
   893 | D:1      | Reached XP level 3. HP: 22/29 MP: 3/3
  1504 | D:2      | Found Kiegh's Antique Armour Boutique.
  1507 | D:2      | Reached ** piety under Trog
  1770 | D:2      | Found Teur's Antique Weapon Boutique.
  1949 | D:2      | Reached skill level 4 in Fighting
  1949 | D:2      | Reached skill level 1 in Maces & Flails
  2051 | D:2      | Found Sepp's Jewellery Shop.
  2137 | D:2      | Reached XP level 4. HP: 38/38 MP: 4/4
  2170 | D:2      | Found a snail-covered altar of Cheibriados.
  2653 | D:3      | Found a bloodstained altar of Trog.
  3005 | D:3      | You fall into a shaft and drop 1 floor!
  3268 | D:3      | Reached XP level 5. HP: 44/44 MP: 5/5
  3285 | D:3      | Killed from afar by an orc priest

Illustrated notes

Levels and vault maps discovered:
D:1:      lemuel_arrival_cross, layout_loops_corners,
          hellmonk_ecumenical_altar_arch_garden
D:2:      layout_loops_ring, serial_shops, nicolae_diamond_shop,
          nicolae_shop_advertising_works [nicolae_subvault_shop_adworks], shop,
          basic_altar
D:3:      layout_loops_ring, trog_hazing_becter, serial_bayou_lagoon_a
D:4:      layout_layer_cave

Skill      XL: |  1  2  3  4 |
---------------+-------------+-----
Long Blades    | 3 |  3.3
Fighting       | 4 |  4.5
Maces & Flails | 1 2 |  2.1
Armour         | |  1.7
Dodging        | |  1.7

Action                   |  1- 3 |  4- 6 || total
-------------------------+-------+-------++-------
Melee: Falchion          |    65 |       ||    65
       Kick              |    24 |    24 ||    48
       Mace              |    61 |    89 ||   150
       Flail             |       |    12 ||    12
       Punch             |       |     1 ||     1
Throw: Dart              |     3 |       ||     3
  Use: Scroll            |       |     5 ||     5
Armor: Animal skin       |     1 |       ||     1
       Ring mail         |    75 |    62 ||   137
Dodge: Dodged            |    81 |    67 ||   148

Table legend: (Time is in decaauts)
 A = Elapsed time spent in this place.
 B = Non-inter-level travel time spent in this place.
 C = Inter-level travel time spent in this place.
 D = Time resting spent in this place.
 E = Time spent auto-exploring this place.
 F = Levels seen in this place.
 G = Mean time per level.
                   A        B        C        D        E       F      G
               +--------+--------+--------+--------+--------+-----+--------+
         Total |   3347 |   3166 |    181 |    616 |   1677 |   4 |  836.8 |
       Dungeon |   3347 |   3166 |    181 |    616 |   1677 |   4 |  836.8 |
               +--------+--------+--------+--------+--------+-----+--------+

Top non-repeatable levels by time:
     D:1: 1568 daAuts
     D:2: 1100 daAuts
     D:3: 659 daAuts
     D:4: 19 daAuts
